 Dungeon Crawl Stone Soup version 0.27-a0-67-g4bfc8a49e1 (webtiles) character file.

Game seed: 9340204477870436777

743 Borgoz the Slasher (level 8, -1/54 HPs)
             Began as a Halfling Fighter on Jan 9, 2021.
             Slain by an ogre
             ... wielding a +0 giant club
              (16 damage)
             ... on level 4 of the Dungeon.
             The game lasted 00:05:09 (3002 turns).

Borgoz the Slasher (Halfling Fighter)               Turns: 3002, Time: 00:05:10

Health: -1/54      AC: 13    Str: 17    XL:     8   Next: 5%
Magic:  8/8        EV:  9    Int:  6    God:
Gold:   158        SH: 11    Dex: 20    Spells: 7/7 levels left

rFire    . . .     SeeInvis +   b - +1 dagger (elec)
rCold    . . .     Faith    .   c - +0 kite shield
rNeg     + . .     Spirit   .   x - +4 scale mail of the Battered Runes {rPois Will- Dex+4}
rPois    +         Reflect  .   t - +1 helmet
rElec    .         Harm     .   (no cloak)
rCorr    .         Rampage  .   (no gloves)
Will     .....                  (no boots)
Stlth    ..........             (no amulet)
HPRegen  0.18/turn              m - ring of positive energy
MPRegen  0.11/turn              n - ring of see invisible

@: flying
A: small, mutation resistance 1
a: no special abilities


You were on level 4 of the Dungeon.
You visited 1 branch of the dungeon, and saw 4 of its levels.

You collected 158 gold pieces.

Inventory:

Hand Weapons
 a - a +0 long sword
 b - a +1 dagger of electrocution (weapon)
Armour
 c - a +0 kite shield (worn)
 f - a +0 scale mail
 t - a +1 helmet (worn)
 x - the +4 scale mail of the Battered Runes (worn) {rPois Will- Dex+4}
   (You found it on level 4 of the Dungeon)

   It affects your dexterity (+4).
   It protects you from poison.
   It affects your willpower, your defense against some magical effects.
Jewellery
 m - a ring of positive energy (left hand)
 n - a ring of see invisible (right hand)
Wands
 j - a wand of acid (4)
 u - a wand of enslavement (5)
 w - a wand of iceblast (8)
Scrolls
 g - 4 scrolls of teleportation {unknown}
 i - a scroll of magic mapping {unknown}
 k - 2 scrolls of amnesia {unknown}
 p - 2 scrolls of fear
 q - 3 scrolls of remove curse
 r - a scroll of random uselessness {unknown}
 s - a scroll of blinking {unknown}
 v - a scroll of enchant weapon {unknown}
Potions
 d - a potion of might
 e - a potion of flight
 h - a potion of degeneration {unknown}
 l - 2 potions of brilliance


   Skills:
 + Level 4.2 Fighting
 * Level 5.6 Long Blades
 + Level 5.2 Armour
 + Level 5.1 Shields


You had 7 spell levels left.
You didn't know any spells.
Your spell library was empty.

Dungeon Overview and Level Annotations

Branches:
Dungeon (4/15)
 Temple: D:4-7

Altars:


Innate Abilities, Weirdness & Mutations

You are small and have problems with some larger weapons.
You are somewhat resistant to further mutation.


Message History

i - a scroll labelled MUATRO COULU You hit the orc.
Lightning courses through the orc!
You kill the orc!
You hit the ogre.
The ogre is moderately wounded.
You hit the ogre but do no damage.
The ogre is moderately wounded.
You block the ogre's attack.
You hit the ogre.
The ogre is moderately wounded.
The ogre hits you with a +0 giant club!!
* * * LOW HITPOINT WARNING * * *
You feel very buoyant.
You fly up into the air.
You block the ogre's attack.
You hit the ogre.
The ogre is moderately wounded.
You hit the ogre.
The ogre is heavily wounded.
The ogre hits you with a +0 giant club!
You die...

..... .........#.## ..<#
#####....### #..# #....#
..# #....## ## #.#
#.....####
....###)#######.........
#.........o.##.#.....##
....###O####....#.###.#
.. #@# #.####.# #.# #.##
#.# #.###.# #....#.#
#.....# ####.#.# ###.###
#.#.# #.# ###.#.# #.####
#.....# #.....
#.#...######..###
#...........#


You could see an ogre.

Vanquished Creatures
  Pikel (D:4)
  A centaur (D:3)
  Ijyb (D:3)
  2 orc wizards (D:3)
  Robin (D:3)
  4 adders
  A gnoll (D:1)
  3 worms
  3 dart slugs
  3 leopard geckos
  3 orcs
  4 giant cockroaches
  14 goblins
  10 hobgoblins
  5 jackals
  10 kobolds
  A ball python (D:1)
  10 bats
  5 frilled lizards
  8 rats
90 creatures vanquished.

Notes
Turn   | Place    | Note
-------+----------+-------------------------------------------
     0 | D:1      | Borgoz the Halfling Fighter began the quest for the Orb.
     0 | D:1      | Reached XP level 1. HP: 15/15 MP: 1/1
    26 | D:1      | Reached XP level 2. HP: 19/20 MP: 2/2
   267 | D:1      | Reached XP level 3. HP: 25/25 MP: 3/3
   890 | D:2      | Reached XP level 4. HP: 31/31 MP: 4/4
  1003 | D:2      | You fall into a shaft and drop 1 floor!
  1699 | D:3      | Reached XP level 5. HP: 36/36 MP: 5/5
  1705 | D:3      | Noticed a centaur
  1715 | D:3      | HP: 1/36 [centaur (6)]
  1721 | D:3      | Killed a centaur
  1730 | D:3      | Reached XP level 6. HP: 34/42 MP: 6/6
  1992 | D:3      | Noticed Ijyb
  2006 | D:3      | Killed Ijyb
  2158 | D:3      | Noticed Robin
  2202 | D:3      | Killed Robin
  2874 | D:4      | Got a glimmering scale mail
  2885 | D:4      | Identified the +4 scale mail of the Battered Runes {rPois
                  | Will- Dex+4} (You found it on level 4 of the Dungeon)
  2893 | D:4      | Noticed Pikel
  2925 | D:4      | Killed Pikel
  2926 | D:4      | Reached skill level 5 in Long Blades
  2926 | D:4      | Reached skill level 5 in Armour
  2926 | D:4      | Reached skill level 5 in Shields
  2926 | D:4      | Reached XP level 7. HP: 26/48 MP: 7/7
  2926 | D:4      | Reached XP level 8. HP: 29/54 MP: 8/8
  3002 | D:4      | Slain by an ogre

Illustrated notes

Levels and vault maps discovered:
D:1:      beargit_arrival_greenhouse, layout_rooms, serial_forest,
          infiniplex_forest_zigzag_1, infiniplex_forest_lined_3,
          infiniplex_forest_zigzag_2, infiniplex_forest_clump_long,
          infiniplex_forest_clump_double, infiniplex_forest_lined_room_,
          infiniplex_forest_end_1
D:2:      layout_loops_cross
D:3:      layout_basic, uniq_robin, uniq_ijyb
D:4:      layout_loops_ring, temple_statues, uniq_pikel, uniq_crazy_yiuf_cottage

Skill      XL: |  1  2  3  4  5  6 |
---------------+-------------------+-----
Fighting       | 3 4 |  4.2
Long Blades    | 3 5 |  5.6
Armour         | 4 5 |  5.2
Shields        | 4 5 |  5.1

Action                   |  1- 3 |  4- 6 |  7- 9 || total
-------------------------+-------+-------+-------++-------
Melee: Long sword        |    66 |    53 |       ||   119
       Dagger            |     4 |   176 |     6 ||   186
  Use: Scroll            |       |     4 |       ||     4
       Potion            |       |     8 |     1 ||     9
Armor: Scale mail        |    33 |    76 |       ||   109
       Skin              |       |     3 |       ||     3
Dodge: Dodged            |    34 |    88 |       ||   122
Block: Kite shield       |    50 |   114 |     2 ||   166
       Rpst.: Long sword |    11 |     6 |       ||    17

Table legend: (Time is in decaauts)
 A = Elapsed time spent in this place.
 B = Non-inter-level travel time spent in this place.
 C = Inter-level travel time spent in this place.
 D = Time resting spent in this place.
 E = Time spent auto-exploring this place.
 F = Levels seen in this place.
 G = Mean time per level.
                   A        B        C        D        E       F      G
               +--------+--------+--------+--------+--------+-----+--------+
         Total |   3040 |   2898 |    142 |    349 |   1871 |   4 |  760.0 |
       Dungeon |   3040 |   2898 |    142 |    349 |   1871 |   4 |  760.0 |
               +--------+--------+--------+--------+--------+-----+--------+

Top non-repeatable levels by time:
     D:3: 1192 daAuts
     D:1: 901 daAuts
     D:2: 732 daAuts
     D:4: 213 daAuts
